 Dungeon Crawl Stone Soup version 0.31.0-32-g396128a36d (webtiles) character file.

Game seed: 5503417305113292102

53 Eli the Apothecary (level 3, 0/26 HPs)
             Began as a Demonspawn Alchemist on Apr 5, 2024.
             Slain by Terence
             ... wielding a +5 falchion of electrocution
              (19 damage)
             ... on level 2 of the Dungeon.
             The game lasted 00:10:00 (1361 turns).

Eli the Apothecary (Demonspawn Alchemist)           Turns: 1361, Time: 00:10:02

Health: 0/26       AC:  2    Str: 10    XL:     3   Next: 64%
Magic:  2/6        EV: 12    Int: 15    God:
Gold:   74         SH:  0    Dex: 13    Spells: 5/6 levels left

rFire   . . .        a - +2 whip (venom)
rCold   . . .        (no shield)
rNeg    . . .        j - +0 robe
rPois   .            (no helmet)
rElec   .            (no cloak)
rCorr   .            (no gloves)
SInv    .            (no boots)
Will    .....        (no amulet)
Stlth   ++           (no ring)
HPRegen 0.24/turn    (no ring)
MPRegen 0.10/turn

%: no passive effects
@: no status effects
A: weakness stinger 1
a: no special abilities


You were on level 2 of the Dungeon.
You visited 1 branch of the dungeon, and saw 2 of its levels.

You collected 74 gold pieces.

Inventory:

Hand Weapons
 a - a +2 whip of venom (weapon)
 e - a +0 whip
 k - a +0 dagger of venom
Missiles
 c - 8 stones
 d - 3 javelins
Armour
 i - a +0 ring mail
 j - a +0 robe (worn)
 l - a +0 leather armour
Scrolls
 g - a scroll of enchant weapon {unknown}
 h - a scroll of revelation {unknown}
Potions
 b - a potion of magic
 f - a potion of haste {unknown}
 m - a potion of attraction {unknown}


   Skills:
 + Level 1.3 Fighting
 * Level 1.0 Maces & Flails
 - Level 2.0 Dodging
 - Level 2.0 Stealth
 + Level 2.1 Spellcasting
 * Level 1.8 Conjurations
 * Level 1.0 Air Magic
 - Level 3.0 Alchemy


You had 5 spell levels left.
You knew the following spells:

 Your Spells              Type           Power      Damage    Failure   Level
t - Sting                 Conj/Alch      32%        1d5       9%          1

Your spell library contained the following spells:

 Spells                   Type           Power      Damage    Failure   Level
 Mercury Vapours          Alch/Air       14%        N/A       14%         2
 Foxfire                  Conj/Fire      16%        2x1d4     16%         1
 Mephitic Cloud           Conj/Alch/Air  7%         N/A       28%         3
 Olgreb's Toxic Radiance  Alch           10%        N/A       54%         4
 Sticky Flame             Fire/Alch      6%         2d4       75%         4
 Plasma Beam              Fire/Air       1%         2x1d11    100%        6
 Starburst                Conj/Fire      2%         6d3       100%        6


Dungeon Overview and Level Annotations

Branches:
Dungeon (2/15)

Altars:

Annotations:
D:2 Terence


Innate Abilities, Weirdness & Mutations

You have a small tail.


Message History

Magic restored.
You start resting.
HP restored.
You see here an adder corpse.
The goblin shouts!
The sting hits the goblin but does no damage.
The goblin is poisoned.
You see here an adder corpse.
You kill the goblin!
There is a stone staircase leading down here.
You see here an adder corpse.
Things that are here:
a +0 dagger; a +0 leather armour; a goblin corpse
l - a +0 leather armour
Okay, then.
m - an inky potion As you open the door, it creaks loudly!
There is an open door here.
A rat comes into view.
The sting hits the rat.
The rat is poisoned.
You kill the rat!
Your Air Magic skill increases to level 1!
A goblin comes into view. It is wielding a +0 club.
The sting hits the goblin.
The goblin is poisoned.
You kill the goblin!
Terence the Incautious comes into view.
He is wielding a +5 falchion of electrocution.
The sting hits Terence but does no damage.
Terence is poisoned.
Terence shouts!
The sting hits Terence.
Terence looks even sicker.
Terence is lightly wounded.
Terence shouts, "Get ready for death!"
Found a stone staircase leading up.
You hit Terence but do no damage.
Terence looks as sick as possible!
Terence is moderately wounded.
Terence hits you with a +5 falchion of electrocution!
You are electrocuted!!
Ouch! That really hurt!
You die...
Terence says, "Time to find some more victims."

########..................###.#
+......'..................).†>#
########....................#.#
###...........##.......#.#
#<'..................#.#.#
###.............######.#.#
###.#######.#.# ..#.#
##.######....# ###.#
#.......@..### ##.#
##.####@..## #.#####<.# ###
...#.# #..†.....# .....#.#
#..##.#...# #.)####.# ...##..#
#<.. .# #.... #†.# ##. .# #.###
#.... # .. #. ...## . ....


You could see Terence (extremely poisoned).

Vanquished Creatures
  A gnoll (D:1)
  An adder (D:2)
  4 endoplasms
  A giant cockroach (D:1)
  2 goblins (D:2)
  4 hobgoblins (D:1)
  2 jackals (D:1)
  2 quokkas
  4 ball pythons
  A bat (D:1)
  3 frilled lizards
  5 kobolds (D:1)
  3 rats
33 creatures vanquished.

Notes
Turn   | Place    | Note
-------+----------+-------------------------------------------
     0 | D:1      | Eli the Demonspawn Alchemist began the quest for the Orb.
     0 | D:1      | Reached XP level 1. HP: 13/13 MP: 3/3
   205 | D:1      | Gained mutation: You have a small tail. [demonic ancestry]
   205 | D:1      | Reached XP level 2. HP: 20/20 MP: 3/5
   276 | D:1      | Reached skill level 1 in Fighting
   619 | D:1      | Reached XP level 3. HP: 26/26 MP: 2/6
  1296 | D:2      | Reached skill level 1 in Maces & Flails
  1356 | D:2      | Reached skill level 1 in Air Magic
  1357 | D:2      | Noticed Terence
  1361 | D:2      | Slain by Terence

Illustrated notes

Levels and vault maps discovered:
D:1:      nagdon_arrival_double_spiral, layout_basic,
          dreamdust_mushroom_princess
D:2:      layout_basic, uniq_jessica, uniq_terence

Skill      XL: |  1  2  3 |
---------------+----------+-----
Fighting       | 1 |  1.3
Stealth        | 2 |  2.0
Dodging        | 2 |  2.0
Maces & Flails | 1 |  1.0
Air Magic      | 1 |  1.0
Spellcasting   | |  2.1
Conjurations   | |  1.8
Alchemy        | |  3.0

Action                     || total
---------------------------++-------
  Melee: Whip              ||    22
         Unarmed           ||     2
         Tailslap          ||     1
   Cast: Sting             ||    43
 Armour: Robe              ||     6
  Dodge: Dodged            ||    15
